AoeStats
← Tinkerino

Nomad

508097556Analyzed
3v3 RM · 10d ago on Sep 20, 2026· 42m 2s· 6 players
Game mode
Random Map
Map size
210×210
Population
200
Speed
Normal
Resources
Standard
Victory
Conquest
Starting age
Dark Age
Ending age
Imperial Age
RankedLock teamsTeams togetherTeam positionsShared explorationLock speedFull tech treeHidden civsTurbo modeCheats
Victory
Defeat
🇺🇸 Malay · United States
1307
+15
🇧🇷 Burmese · Brazil
1290
+16
🇫🇷 Magyars · France
1281
+15
🇻🇪 Goths · Venezuela
1304
-16
🇻🇪 Romans · Venezuela
1304
-16
🇨🇱 Celts · Chile
1240
-14
daxaxelrod
10:18 Loom
12:36 Feudal Age
17:15 Wheelbarrow
18:51 Fishing Lines
18:57 Fishing Lines
21:25 Castle Age
19:17 Fishing Lines
20:10 Double-Bit Axe
20:26 Horse Collar
23:19 Forging
31:22 Squires
31:08 Arson
32:39 Fletching
32:47 Gold Mining
33:12 Bow Saw
32:45 Crossbowman
34:17 Thumb Ring
37:43 Imperial Age
36:31 Arbalester
37:19 Thumb Ring
37:50 Bodkin Arrow
38:44 Ballistics
38:46 Bracer
39:54 Padded Archer Armor
41:59 Chemistry
41:46 Gold Shaft Mining
Fantome69
7:11 Loom
13:03 Feudal Age
15:28 Fishing Lines
21:41 Castle Age
20:13 Double-Bit Axe
22:04 Gold Mining
22:38 Medium Warships
22:41 Bow Saw
27:01 Gillnets
29:40 Horse Collar
31:25 Wheelbarrow
32:02 Wheelbarrow
36:29 Imperial Age
34:17 Fletching
34:53 Hand Cart
34:51 Town Watch
35:16 Stone Mining
35:34 Padded Archer Armor
35:31 Bodkin Arrow
37:14 Bracer
37:28 Bloodlines
37:18 Husbandry
38:14 Ballistics
37:25 Heavy Cavalry Archer
39:40 Chemistry
39:51 Padded Archer Armor
40:20 Parthian Tactics
40:16 Thumb Ring
41:53 Conscription
José Salhes
7:58 Loom
14:05 Feudal Age
17:03 Wheelbarrow
22:56 Castle Age
21:28 Horse Collar
22:30 Fletching
23:30 Town Watch
24:03 Heavy Plow
24:50 Medium Warships
24:37 Bodkin Arrow
25:12 Gold Mining
26:02 Forging
25:53 Padded Archer Armor
30:06 Hand Cart
32:04 Bloodlines
31:54 Husbandry
32:24 Fishing Lines
33:14 Scale Mail Armor
36:08 Scale Barding Armor
36:39 Iron Casting
41:10 Gold Shaft Mining
41:49 Caravan
GrandeAcure
8:02 Loom
14:47 Feudal Age
15:19 Double-Bit Axe
16:12 Fletching
21:41 Castle Age
20:27 Horse Collar
20:47 Gold Mining
22:45 Bodkin Arrow
23:11 Medium Warships
24:19 Bow Saw
28:03 Scale Barding Armor
30:43 Chain Barding Armor
30:52 Heavy Plow
31:24 Bloodlines
31:51 Gold Shaft Mining
31:57 Wheelbarrow
32:34 Husbandry
32:45 Forging
35:42 Stone Mining
37:27 Hand Cart
41:03 Imperial Age
41:12 Cavalier
TENECTEPLASA
5:40 Loom
13:52 Feudal Age
14:25 Double-Bit Axe
14:31 Gold Mining
22:41 Castle Age
20:29 Man-at-Arms
21:12 Scale Mail Armor
21:50 Forging
23:18 Gambesons
22:54 Long Swordsman
23:51 Chain Mail Armor
23:51 Bow Saw
23:55 Medium Warships
24:38 Gold Shaft Mining
23:38 Demolition Ship
30:23 Pikeman
34:24 Fishing Lines
35:26 Wheelbarrow
35:48 Iron Casting
35:28 Arson
38:05 Hand Cart
38:27 Stone Mining
41:13 Imperial Age
40:12 Stone Shaft Mining
39:24 Town Watch
41:28 Fletching
41:24 Halberdier
Tinkerino
4:54 Loom
13:57 Feudal Age
17:11 Fletching
22:27 Castle Age
21:23 Man-at-Arms
22:09 Scale Mail Armor
22:20 Forging
22:44 Double-Bit Axe
22:54 Gold Mining
22:29 Long Swordsman
23:11 Squires
28:33 Horse Collar
34:30 Stone Mining
35:39 Bodkin Arrow
35:59 Town Watch
39:21 Wheelbarrow
39:20 Heavy Plow
40:31 Wheelbarrow
41:17 Bow Saw
43:57 Imperial Age
Connection lost

Rejoining the realm…

Still unreachable

The connection could not be restored.

Session expired

The server has moved on; the page needs a fresh start.